 Dungeon Crawl Stone Soup version 0.30.0-17-ge0270778cf (webtiles) character file.

Game seed: 15882193272154350836

33852 Dordric the Warrior (level 13, -3/163 HPs)
             Began as an Ogre Berserker on May 22, 2023.
             Was a High Priest of Trog.
             Slain by a cane toad (13 damage)
             ... on level 4 of the Lair of Beasts.
             The game lasted 00:27:54 (18990 turns).

Dordric the Warrior (Ogre Berserker)               Turns: 18990, Time: 00:27:54

Health: -3/163     AC: 15    Str: 24    XL:     13   Next: 73%
Magic:  13/13      EV: 12    Int:  8    God:    Trog [*****.]
Gold:   1387       SH:  0    Dex: 12    Spells: 12/12 levels left

rFire   . . .        y - +2 giant spiked club (elec)
rCold   . . .        (shield currently unavailable)
rNeg    . . .        J - +0 troll leather armour
rPois   .            (helmet restricted)
rElec   .            s - +1 cloak
rCorr   .            (gloves unavailable)
SInv    .            (boots unavailable)
Will    +....        (no amulet)
Stlth   +            q - +4 ring of protection
HPRegen 1.27/turn    M - +4 ring of protection
MPRegen 0.13/turn

%: no passive effects
@: lethally poisoned (-3 -> -14), on berserk cooldown, slowed, very slow
A: large, unfitting armour, tough skin 1
a: Renounce Religion, Berserk, Trog's Hand, Brothers in Arms


You were on level 4 of the Lair of Beasts.
You worshipped Trog.
Trog was extremely pleased with you.
You visited 2 branches of the dungeon, and saw 17 of its levels.
You also visited: Ossuary.

You collected 1387 gold pieces.

Inventory:

Hand Weapons
 a - a +0 mace
 j - the +3 mace "Nivot Pypt" {protect, Int+4}
   (You found it on level 2 of the Dungeon)

   Int:       It affects your intelligence (+4).
 u - a +2 whip of flaming
 y - a +2 giant spiked club of electrocution (weapon)
Missiles
 P - a throwing net
Armour
 b - a +0 animal skin
 s - a +1 cloak (worn)
 H - +0 steam dragon scales
 J - a +0 troll leather armour (worn)
Jewellery
 o - a ring of willpower
 q - a +4 ring of protection (left hand)
 v - a ring of fire
 G - an amulet of magic regeneration
 L - a ring of flight
 M - a +4 ring of protection (right hand)
 N - a ring of ice
 O - a ring of poison resistance
 Q - a +4 ring of protection
Wands
 k - a wand of digging (7)
 n - a wand of iceblast (4)
 w - a wand of paralysis (5)
 x - a wand of mindburst (56)
 F - a wand of flame (29)
Scrolls
 i - 5 scrolls of teleportation
 l - 3 scrolls of fear
 p - 2 scrolls of magic mapping
 z - a scroll of blinking
 D - 2 scrolls of fog
 I - 4 scrolls of enchant armour
 K - a scroll of silence
 R - a scroll of acquirement {unknown}
Potions
 c - 5 potions of might
 d - 2 potions of haste
 e - a potion of experience {unknown}
 f - 14 potions of ambrosia (quivered)
 g - 2 potions of lignification {unknown}
 h - 2 potions of resistance
 m - a potion of magic {unknown}
 r - 2 potions of attraction {unknown}
 t - 3 potions of flight {unknown}
 A - 8 potions of curing
 B - 2 potions of cancellation {unknown}
 C - 4 potions of degeneration {unknown}
 E - 2 potions of mutation {unknown}


   Skills:
 + Level 19.5 Fighting
 + Level 14.2 Maces & Flails
 - Level 8.6 Dodging


You had 12 spell levels left.
You didn't know any spells.
Your spell library was empty.

Dungeon Overview and Level Annotations

Branches:
Dungeon (13/15)            Temple (0/1) D:7            Lair (4/5) D:11
  Swamp (0/4) Lair:3        Snake (0/4) Lair:3          Orc (0/2) D:10
Ossuary (visited)
  Slime: Lair:4-5    Vaults: D:13-14

Altars:
Dithmenos
Hepliaklqana
Makhleb
Qazlal
Sif Muna
Vehumet
Wu Jian
Xom

Shops:
D:10 (

Annotations:
D:6 2 transporters
Lair:2 2 transporters, Tricky101's ghost, journeyman DsGl


Innate Abilities, Weirdness & Mutations

You are too large for most types of armour.
You have tough skin. (AC +1)


Message History

* * * LOW HITPOINT WARNING * * *
The catoblepas gores you.
* * * LOW HITPOINT WARNING * * *
The cane toad stings you. The catoblepas gores you.
* * * LOW HITPOINT WARNING * * *
The cane toad stings you but does no damage.
The catoblepas gores you!!
* * * LOW HITPOINT WARNING * * *
The cane toad stings you!
* * * LOW HITPOINT WARNING * * *
The catoblepas gores you but does no damage.
The cane toad stings you.
* * * LOW HITPOINT WARNING * * *
You turn to flesh and can move again.
You impale the catoblepas!!
The catoblepas is almost dead.
You feel sick. The cane toad barely misses you.
The catoblepas gores you but does no damage.
You sock the catoblepas!
You kill the catoblepas!
Trog accepts your kill.
You feel sick. The cane toad stings you.
* * * LOW HITPOINT WARNING * * *
You are more poisoned.
The cane toad poisons you!
You barely miss the cane toad.
The cane toad is severely wounded.
You feel very sick. The cane toad stings you!
* * * LOW HITPOINT WARNING * * *
You closely miss the cane toad.
The cane toad is severely wounded.
You are no longer berserk.
You are exhausted.
You feel yourself slow down.
* * * LOW HITPOINT WARNING * * *
You feel very sick. The cane toad stings you!
You die...

.. #...####...#. ....
##....#....... ....
#.........#
....###.....#
........<##..# #
#.#.#...# #..#
.#.##.....<.#.#.Y.#
..................§.
.......@.............
.......F†............
.....................
.###...#...##.#..#
##+.....# ###.#
..#..... ..
..)....... ..#
./.#... ... .......


You could see a cane toad.

Vanquished Creatures
  Jorgrun (D:12)
  Fannar (D:12)
  A hydra (Lair:2)
  A catoblepas (Lair:4)
  Erica (D:8)
  A boulder beetle (D:11)
  A two-headed ogre (D:12)
  Sonja (D:11)
  2 skysharks
  Pikel (D:8)
  A deep elf pyromancer (D:12)
  A cyclops (D:12)
  A salamander (Lair:3)
  2 gargoyles
  6 cane toads
  Maggie (D:8)
  3 black mambas
  2 unseen horrors
  9 komodo dragons
  2 rime drakes
  3 trolls
  Prince Ribbit (D:5)
  4 blink frogs
  A polar bear (Lair:2)
  5 dream sheep (Lair:3)
  3 shadows
  30 yaks
  A wyvern (D:8)
  2 steam dragons
  3 wargs (D:11)
  Menkaure (D:7)
  12 water moccasins
  A sky beast (D:7)
  3 black bears
  2 ice beasts
  7 orc warriors
  11 ogres
  13 wolves
  A lemure (D:8)
  A centaur (D:10)
  3 kobold brigands
  11 bullfrogs
  7 gnoll sergeants
  4 scorpions
  2 wights (D:8)
  35 killer bees
  3 howler monkeys
  4 lava snakes
  3 hounds (D:5)
  2 jellies
  8 orc priests
  A sleepcap (D:5)
  Ijyb (D:5)
  5 iguanas
  11 orc wizards
  8 mummies (Ossuary)
  14 gnolls
  6 adders
  A shadow imp (D:4)
  4 ufetubi
  2 worms
  A dart slug (D:4)
  42 orcs
  11 endoplasms
  2 giant cockroaches
  2 gnoll zombies (Ossuary)
  8 goblins
  9 hobgoblins
  11 kobolds
  4 quokkas
  5 ball pythons
  8 bats
  A frilled lizard (D:2)
  3 hobgoblin zombies (Ossuary)
  A kobold zombie (Ossuary)
  2 orc zombies (Ossuary)
  8 rats
397 creatures vanquished.

Vanquished Creatures (collateral kills)
  Lodul (D:11)
  A queen bee (D:11)
  2 ogres (D:11)
  3 wights (D:8)
  5 killer bees
12 creatures vanquished.

Vanquished Creatures (others)
  2 orcs (D:8)
2 creatures vanquished.

Grand Total: 411 creatures vanquished

Notes
Turn   | Place    | Note
-------+----------+-------------------------------------------
     0 | D:1      | Dordric the Ogre Berserker began the quest for the Orb.
     0 | D:1      | Reached XP level 1. HP: 24/24 MP: 1/1
    48 | D:1      | Reached XP level 2. HP: 20/33 MP: 2/2
   399 | D:1      | Reached XP level 3. HP: 41/41 MP: 3/3
   835 | D:1      | Reached ** piety under Trog
   836 | D:1      | Reached skill level 5 in Fighting
   894 | D:2      | Identified the +3 mace "Nivot Pypt" {protect, Int+4}
   956 | D:2      | Found a faded altar of an unknown god.
  1019 | D:2      | Reached XP level 4. HP: 48/50 MP: 4/4
  1436 | D:3      | Found a radiant altar of Vehumet.
  1470 | D:3      | Reached skill level 6 in Fighting
  1470 | D:3      | Reached XP level 5. HP: 48/59 MP: 5/5
  2453 | D:4      | Reached XP level 6. HP: 34/68 MP: 6/6
  2462 | D:4      | HP: 3/68 [orc/+0 trident (3)]
  2689 | D:4      | Reached skill level 7 in Fighting
  2784 | D:4      | Reached skill level 5 in Maces & Flails
  3041 | D:4      | Reached *** piety under Trog
  3233 | D:4      | Reached XP level 7. HP: 72/79 MP: 7/7
  3344 | D:5      | Entered Level 5 of the Dungeon
  3667 | D:5      | Reached skill level 8 in Fighting
  3828 | D:5      | Noticed Ijyb
  3837 | D:5      | Paralysed by Ijyb for 4 turns
  3845 | D:5      | Killed Ijyb
  4331 | D:5      | Reached skill level 9 in Fighting
  4331 | D:5      | Reached XP level 8. HP: 92/92 MP: 8/8
  4505 | D:5      | Noticed Prince Ribbit
  4517 | D:5      | Killed Prince Ribbit
  4609 | D:5      | Reached skill level 10 in Fighting
  5394 | D:6      | Found a transporter.
  5398 | D:6      | Noticed a two-headed ogre
  5399 | D:6      | Found a shimmering blue altar of Sif Muna.
  5400 | D:6      | Found a transporter.
  5404 | D:6      | Noticed a cyclops
  5408 | D:6      | Found a hazy altar of Hepliaklqana.
  6653 | D:7      | Reached skill level 11 in Fighting
  6653 | D:7      | Reached XP level 9. HP: 105/105 MP: 9/9
  6910 | D:7      | Noticed Menkaure
  6913 | D:7      | Killed Menkaure
  6916 | D:7      | Found a sand-covered staircase.
  6958 | Ossuary  | Entered an ossuary
  7533 | D:7      | Found a stormy altar of Qazlal.
  7545 | D:7      | Reached **** piety under Trog
  7731 | D:7      | Reached skill level 12 in Fighting
  8140 | D:7      | Found a staircase to the Ecumenical Temple.
  8892 | D:8      | Reached skill level 13 in Fighting
  8893 | D:8      | Noticed Maggie
  8909 | D:8      | Killed Maggie
  8910 | D:8      | Reached XP level 10. HP: 29/112 MP: 10/10
  9427 | D:8      | Found an ornate altar of the Wu Jian Council.
  9427 | D:8      | Found a shimmering altar of Xom.
  9571 | D:8      | Noticed Pikel
  9578 | D:8      | Killed Pikel
  9845 | D:8      | Noticed Erica
  9857 | D:8      | Killed Erica
  9858 | D:8      | Reached skill level 10 in Maces & Flails
 10098 | D:8      | Reached skill level 14 in Fighting
 10779 | D:9      | Reached skill level 5 in Dodging
 11065 | D:9      | Reached XP level 11. HP: 126/131 MP: 11/11
 11241 | D:9      | Found a burning altar of Makhleb.
 11474 | D:10     | Entered Level 10 of the Dungeon
 11728 | D:10     | Reached skill level 15 in Fighting
 12049 | D:10     | Found Puc Hokh's Weapon Shoppe.
 12487 | D:10     | Found a shadowy altar of Dithmenos.
 12546 | D:10     | Found a staircase to the Orcish Mines.
 13755 | D:11     | Reached ***** piety under Trog
 14252 | D:11     | Noticed a boulder beetle
 14258 | D:11     | Killed a boulder beetle
 14283 | D:11     | Reached skill level 16 in Fighting
 14291 | D:11     | Noticed Lodul
 14301 | D:11     | Killed Lodul
 14302 | D:11     | Reached XP level 12. HP: 62/144 MP: 12/12
 14638 | D:11     | Found a staircase to the Lair.
 14819 | D:11     | Noticed Sonja
 14830 | D:11     | Killed Sonja
 15039 | D:12     | Noticed a two-headed ogre
 15044 | D:12     | Killed a two-headed ogre
 15064 | D:12     | Noticed Fannar
 15073 | D:12     | Killed Fannar
 15318 | D:12     | Noticed Jorgrun
 15334 | D:12     | Killed Jorgrun
 15335 | D:12     | Reached skill level 17 in Fighting
 15727 | Lair:1   | Entered Level 1 of the Lair of Beasts
 16316 | Lair:1   | Reached XP level 13. HP: 158/158 MP: 13/13
 16501 | Lair:2   | Reached skill level 18 in Fighting
 16532 | Lair:2   | Found a transporter.
 16558 | Lair:2   | Noticed Tricky101's ghost (journeyman DsGl)
 16571 | Lair:2   | Found a transporter.
 17737 | Lair:3   | Found a staircase to the Swamp.
 17846 | Lair:3   | Reached skill level 19 in Fighting
 17933 | Lair:3   | Identified the +9 dire flail "Uvainif" {flame, rElec rF+
                  | Will+ Dex+3} (Trog gifted it to you on level 3 of the Lair
                  | of Beasts)
 17933 | Lair:3   | Received a gift from Trog
 18194 | Lair:3   | Found a staircase to the Snake Pit.
 18695 | Lair:3   | Identified the +2 cloak "Peetodim" {rC+ Regen+}
 18990 | Lair:4   | Slain by a cane toad

Illustrated notes

Levels and vault maps discovered:
D:1:      saegor_arrival_simple_a, layout_loops_corners,
          kennysheep_decorative_pillar, chequers_serial_rivers_micro_c
D:2:      layout_rooms, shapermc_ecumenical_altar_mp_highgroup
D:3:      layout_basic, lemuel_crystal_altar, nicolae_underground_beach
D:4:      layout_rooms
D:5:      layout_basic, uniq_prince_ribbit1, uniq_ijyb
D:6:      layout_cave_pools, gammafunk_temple_overflow_arena,
          serial_co_window_serial, co_window_of_opportunity_a,
          co_window_corner_a, co_window_of_opportunity_a,
          co_window_of_opportunity_a, co_window_paths_a, co_window_paths_b,
          co_window_paths_b, co_window_paths_a, co_window_corner_a,
          co_window_of_opportunity_c, co_window_corner_cb, co_window_broadway_b,
          co_window_of_opportunity_b, co_window_unsneaky_path_b,
          glass_columns_a, glass_columns_c, glass_columns_a,
          kennysheep_generic_room_6
D:7:      layout_basic, amcnicky_altar_gilded,
          minmay_temple_entry_gardened_gates,
          lightli_ossuary_entry_decrepit_ruins, uniq_menkaure
D:8:      layout_basic, gammafunk_temple_overflow_wave, uniq_erica, uniq_pikel,
          uniq_maggie
D:9:      layout_irregular_city, mainiacjoe_overflow_surrounded_room,
          serial_co_window_serial, co_window_of_opportunity_a,
          co_window_paths_b, co_window_paths_a, co_window_paths_b,
          co_window_paths_b, co_window_unsneaky_path_d,
          co_window_of_opportunity_b, co_window_unsneaky_path_b,
          co_window_corner_cb, co_window_2corner, glass_columns_a,
          glass_columns_b, solitary_fountain
D:10:     layout_irregular_city, grunt_dithmenos_shadows,
          kennysheep_orc_monster_closet_entryway, serial_shops,
          nicolae_inconvenience_store
D:11:     layout_roguey [special_room_bee], erik_lair_orcish_takeover,
          uniq_sonja, uniq_lodul
D:12:     layout_roguey, uniq_fannar, uniq_jorgrun
D:13:     layout_gridville, uniq_snorg
Lair:1:   layout_loops_ring
Lair:2:   layout_loops_ring, gammafunk_ghost_berserking_beasts,
          grunt_megastairs_1
Lair:3:   layout_layer_cave, swamp_mist, nicolae_snake_entry_warm_welcome,
          beast_lair_carwin_7, grunt_megastairs_5
Lair:4:   layout_regular_city

Skill      XL: |  1  2  3  4  5  6  7  8  9 10 11 12 13 |
---------------+----------------------------------------+-----
Maces & Flails | 3 4 5 6 7 9 10 11 13 14 | 14.2
Fighting       | 5 6 7 9 11 13 14 16 17 19 | 19.5
Dodging        | 5 7 8 |  8.6

Action                     |  1- 3 |  4- 6 |  7- 9 | 10-12 | 13-15 || total
---------------------------+-------+-------+-------+-------+-------++-------
  Melee: Mace              |    88 |   170 |    93 |       |       ||   351
         Punch             |     1 |     1 |     5 |       |       ||     7
         Giant spiked club |       |       |   229 |   502 |   194 ||   925
 Invoke: Berserk           |       |     2 |    10 |     5 |     2 ||    19
         Trog's Hand       |       |       |     3 |     4 |       ||     7
         Brothers in Arms  |       |       |     1 |     3 |       ||     4
  Evoke: Wand              |       |       |     3 |       |       ||     3
    Use: Potion            |       |     1 |     7 |     1 |       ||     9
         Scroll            |       |       |    15 |     7 |     1 ||    23
   Stab: Sleeping          |       |     1 |       |       |       ||     1
 Armour: Animal skin       |    33 |    75 |   164 |       |       ||   272
         Steam dragon scal |       |       |       |   235 |       ||   235
         Troll leather arm |       |       |       |    91 |   138 ||   229
  Dodge: Dodged            |    62 |    87 |   289 |   388 |   172 ||   998
